 Dungeon Sprint DCSS version 0.24-a0-581-gc0fa660 (webtiles) character file.

Game seed: 12661140993301997401

3768 Faca the Severer (level 10, -4/107 HPs)
             Began as a Hill Orc Fighter on Aug 22, 2019.
             Was a High Priest of Makhleb.
             Slain by a mummy priest (14 damage)
             ... in the Dungeon (Sprint V: "Ziggurat Sprint").
             The game lasted 00:02:58 (363 turns).

Faca the Severer (Hill Orc Fighter)                  Turns: 363, Time: 00:02:58

Health: -4/107     AC: 20    Str: 35    XL:     10   Next: 16%
Magic:  10/10      EV:  7    Int:  3    God:    Makhleb [*****.]
Gold:   0          SH: 15    Dex: 10    Spells: 9/9 levels left

rFire    . . .     SeeInvis +   o - +5 broad axe (drain)
rCold    . . .     Gourm    .   r - +3 shield
rNeg     . . .     Faith    .   t - +5 storm dragon scales
rPois    .         Spirit   .   (no helmet)
rElec    +         Reflect  .   J - +1 cloak {MR+}
rCorr    .         Harm     .   (no gloves)
MR       +....     NoTele   +   (no boots)
Stlth    ..........             (no amulet)
HPRegen  0.27/turn              A - +6 ring of strength
MPRegen  0.12/turn              L - ring "Dikhlai" {+Inv rElec Str+6 Int-5 SInv}

@: hasted and slowed
A: no striking features
a: Minor Destruction, Lesser Servant of Makhleb, Major Destruction, Greater
Servant of Makhleb, Renounce Religion, Evoke Invisibility


You were in the Dungeon.
You worshipped Makhleb.
Makhleb was extremely pleased with you.
You were not hungry.

You visited 1 branch

Inventory:

Hand Weapons
 o - a +5 broad axe of draining (weapon)
Armour
 q - a +3 large shield
 r - a +3 shield (worn)
 s - +5 gold dragon scales
 t - +5 storm dragon scales (worn)
 I - the +15 Maxwell's patent armour {-Cast -Tele rElec MR+ rCorr}
   (You found it in the Dungeon)

   It insulates you from electricity.
   It affects your resistance to hostile enchantments.
   It prevents spellcasting.
   It prevents most forms of teleportation.
   It provides partial protection from all sources of acid and corrosion.
 J - a +1 cloak of magic resistance (worn)
Jewellery
 a - the ring of Pukhlady {rElec rF+ rC+}
   (You found it in the Dungeon)

   [ring of protection from fire]

   It protects you from fire.
   It protects you from cold.
   It insulates you from electricity.
 v - an uncursed ring of flight
 w - a +6 ring of dexterity
 x - a +6 ring of dexterity
 y - a +6 ring of intelligence
 z - a +6 ring of intelligence
 A - a +6 ring of strength (left hand)
 B - a +6 ring of strength
 K - an uncursed amulet of guardian spirit
 L - the ring "Dikhlai" (right hand) {+Inv rElec Str+6 Int-5 SInv}
   (You found it in the Dungeon)

   [ring of strength]

   It affects your strength (+6).
   It affects your intelligence (-5).
   It insulates you from electricity.
   It lets you see invisible.
   It lets you turn invisible.
Wands
 b - a wand of disintegration (7)
 c - a wand of iceblast (7)
 u - a wand of acid (7)
Scrolls
 k - 4 scrolls of blinking
 C - 4 scrolls of amnesia
 D - 7 scrolls of fog
 E - a scroll of holy word
 F - 5 scrolls of identify
 G - 5 scrolls of remove curse
 H - 2 scrolls of fear
Potions
 d - 6 potions of might
 e - 9 potions of curing
 g - 8 potions of heal wounds
 h - 5 potions of haste
 i - 7 potions of magic
 j - 3 potions of berserk rage
 l - 2 potions of brilliance
 m - 2 potions of invisibility
 n - 4 potions of resistance
 p - 5 potions of agility
Comestibles
 f - 7 rations
 M - a chunk of flesh


   Skills:
 - Level 16.1 Fighting
 + Level 19.9 Axes
 + Level 7.2 Armour
 + Level 7.2 Shields


You had 9 spell levels left.
You didn't know any spells.
Your spell library contained the following spells:

 Spells                   Type           Power        Failure   Level  Hunger
 Animate Skeleton         Necr           N/A          99%         1    ##.....
 Apportation              Tloc           #.....       99%         1    ##.....
 Confusing Touch          Hex            #.....       99%         1    ##.....
 Summon Small Mammal      Summ           #...         99%         1    ##.....


Dungeon Overview and Level Annotations

Branches:
Dungeon (1/1)

Altars:
Ashenzari
Cheibriados
Dithmenos
Elyvilon
Fedhas
Gozag
Hepliaklqana
Kikubaaqudgha
Makhleb
Nemelex Xobeh
Okawaru
Qazlal
Ru
Sif Muna
Trog
Uskayaw
Vehumet
Wu Jian
Xom
Yredelemnul
Zin
The Shining One
Beogh
Jiyva
Lugonu

Annotations:
D 1 transporter


Message History

The reaper hits you from afar with a +2 scythe of flaming.
* * * LOW HITPOINT WARNING * * *
The reaper burns you.
* * * LOW HITPOINT WARNING * * *
You block the mummy's attack.
Okay, then.
Your shield prevents you from hitting the mummy priest.
The mummy priest is almost destroyed.
You barely miss the mummy. You hit the freezing wraith.
You hit the shadow wraith but do no damage.
The shadow wraith hits you but does no damage.
The freezing wraith barely misses you. You block the freezing wraith's attack.
You hit the mummy priest but do no damage.
The mummy priest is almost destroyed.
You slash the shadow wraith! You slash the freezing wraith!
You slice the mummy!!
You destroy the mummy!
Makhleb accepts your kill.
You feel better. The mummy priest hits you!
You die...

▓...©....▓...©....▓
▓▓▓▓▓▓▓▓▓▓▓▓▓▓▓▓▓▓▓
▓..8©8..▓ ▓..:.}..▓
▓..[[...▓ ▓.......▓
▓.)3....▓ ▓.W.M2..▓
▓..@....▓ ▓..W....▓
▓...©...▓ ▓▓▓▓▓▓▓▓▓


You could see a reaper, a mummy priest, a shadow wraith (invisible), a freezing
wraith and a smoke demon.

Vanquished Creatures
  An ironheart preserver (D)
  A mummy priest (D)
  A skeletal warrior (D)
  A yaktaur (D)
  A guardian mummy (D)
  A slime creature (D)
  An ushabti (D)
  2 yaks (D)
  2 necrophages (D)
  A phantom (D)
  A crimson imp (D)
  An iguana (D)
  An iron imp (D)
  A mummy (D)
  A river rat (D)
  2 shadow imps (D)
  A white imp (D)
  A jackal (D)
  A giant cockroach zombie (D)
  A leopard gecko simulacrum (D)
23 creatures vanquished.

Notes
Turn   | Place    | Note
-------+----------+-------------------------------------------
     0 | D        | Faca the Hill Orc Fighter began the quest for the Orb.
     0 | D        | Reached XP level 1. HP: 19/19 MP: 1/1
     0 | D        | Found a shimmering blue altar of Sif Muna.
     0 | D        | Found a sacrificial altar of Ru.
     0 | D        | Found a bloodstained altar of Trog.
     0 | D        | Found a stormy altar of Qazlal.
     0 | D        | Found an iron altar of Okawaru.
     0 | D        | Found a sparkling altar of Nemelex Xobeh.
     0 | D        | Found a blossoming altar of Fedhas.
     1 | D        | Found the +6 Majin-Bo {vamp, Archmagi MP+6 Int+6}
     1 | D        | Found the +7 great mace "Firestarter" {inner flame, rF++}
     2 | D        | Reached skill level 10 in Axes
     2 | D        | Reached XP level 2. HP: 26/26 MP: 2/2
     4 | D        | Found a viscous altar of Jiyva.
     4 | D        | Found a transporter.
     4 | D        | Found a hazy altar of Hepliaklqana.
     4 | D        | Found an ancient bone altar of Kikubaaqudgha.
     4 | D        | Found an opulent altar of Gozag.
     4 | D        | Found a corrupted altar of Lugonu.
    42 | D        | Found a burning altar of Makhleb.
    62 | D        | Became a worshipper of Makhleb the Destroyer
    65 | D        | Found the +6 shillelagh "Devastator" {shatter}
    65 | D        | Found the +11 plutonium sword {*Contam Stlth-}
    65 | D        | Found the +8 lance "Wyrmbane" {slay drac, rPois rF+ rC+
                  | AC+3}
    65 | D        | Found the +9 sword of Zonguldrok {reap}
    65 | D        | Found the cursed +13 scythe of Curses {drain, *Curse}
    65 | D        | Found the +0 sword of Power
    65 | D        | Found the +7 mace of Variability {chain chaos}
    65 | D        | Found the +7 Singing Sword {slice, sonic wave}
    65 | D        | Found the +8 storm bow {elec, penet}
    66 | D        | Found the +9 heavy crossbow "Sniper" {velocity, Acc+∞ SInv}
    66 | D        | Found the +10 dark maul {crush}
    66 | D        | Found the +15 Maxwell's patent armour {-Cast -Tele rElec
                  | MR+ rCorr}
    66 | D        | Found the +18 shield of the Gong {rElec rN+ MR+ EV-5}
    66 | D        | Found the cursed +14 obsidian axe {chop, +Fly SInv *Curse}
    70 | D        | Entered arena 2.
    70 | D        | Found a transporter.
    82 | D        | Entered arena 3.
    82 | D        | Noticed a necrophage
    82 | D        | Noticed a necrophage
    82 | D        | Noticed a phantom
    82 | D        | Found a transporter.
    88 | D        | Killed a necrophage
    88 | D        | Reached * piety under Makhleb
    88 | D        | Reached skill level 11 in Axes
    88 | D        | Reached XP level 3. HP: 39/39 MP: 3/3
    88 | D        | Reached XP level 4. HP: 47/47 MP: 4/4
    90 | D        | Killed a necrophage
    90 | D        | Reached skill level 12 in Axes
    90 | D        | Reached XP level 5. HP: 56/56 MP: 5/5
    90 | D        | Killed a phantom
    90 | D        | Reached skill level 10 in Fighting
    90 | D        | Reached skill level 13 in Axes
    90 | D        | Reached XP level 6. HP: 66/66 MP: 6/6
    96 | D        | Entered arena 4.
    96 | D        | Found a transporter.
   101 | D        | Reached ** piety under Makhleb
   104 | D        | Reached skill level 14 in Axes
   107 | D        | Reached *** piety under Makhleb
   111 | D        | Got the ring of Pukhlady {rElec rF+ rC+}
   131 | D        | Entered arena 5.
   131 | D        | Noticed a yaktaur
   131 | D        | Noticed an ironheart preserver
   131 | D        | Noticed a skeletal warrior
   131 | D        | Noticed a slime creature
   131 | D        | Found a transporter.
   137 | D        | Killed an ironheart preserver
   137 | D        | Reached skill level 17 in Axes
   137 | D        | Reached XP level 7. HP: 50/82 MP: 7/7
   137 | D        | Reached XP level 8. HP: 55/90 MP: 8/8
   137 | D        | Killed a slime creature
   138 | D        | Killed a yaktaur
   138 | D        | Reached skill level 15 in Fighting
   138 | D        | Reached skill level 18 in Axes
   138 | D        | Reached XP level 9. HP: 63/97 MP: 9/9
   146 | D        | Killed a skeletal warrior
   146 | D        | Reached **** piety under Makhleb
   153 | D        | Got the ring "Dikhlai" {+Inv rElec Str+6 Int-5 SInv}
   330 | D        | Entered arena 6.
   330 | D        | Found a transporter.
   333 | D        | Reached skill level 19 in Axes
   335 | D        | Reached ***** piety under Makhleb
   346 | D        | Entered arena 7.
   346 | D        | Noticed a guardian mummy
   346 | D        | Noticed a mummy priest
   346 | D        | Noticed a mummy priest
   347 | D        | Identified the +11 morningstar of Moderation {crush, MP+9}
   347 | D        | Found a transporter.
   354 | D        | Killed a mummy priest
   354 | D        | Reached XP level 10. HP: 102/107 MP: 10/10
   354 | D        | Noticed a reaper
   356 | D        | Noticed a shadow wraith
   360 | D        | Noticed a smoke demon
   361 | D        | HP: 5/107 [reaper/+2 scythe of flaming[a mummy priest's
                  | death curse] (1)]
   363 | D        | Slain by a mummy priest

Levels and vault maps discovered:
D:        sprint_v [room_start, room_1, room_2, room_3, room_4, room_5, room_6,
          room_7, room_8, room_9, room_10, room_11, room_12, room_13, room_14,
          room_15, room_16, room_17, room_18, room_19, room_20, room_21,
          room_22, room_23, room_24, room_25, room_26, room_27]

Skill      XL: |  1  2  3  4  5  6  7  8  9 10 |
---------------+-------------------------------+-----
Axes           | 10 11 12 13 17 18 19 | 19.9
Fighting       | 7 8 10 14 15 16 | 16.1
Armour         | 6 7 |  7.2
Shields        | 6 7 |  7.2

Action                   |  1- 3 |  4- 6 |  7- 9 | 10-12 || total
-------------------------+-------+-------+-------+-------++-------
Melee: Broad axe         |     6 |    15 |    17 |     4 ||    42
  Use: Potion            |     1 |       |       |     4 ||     5
       Scroll            |     1 |       |       |       ||     1
Armor: Storm dragon scal |     4 |     7 |     3 |    10 ||    24
Dodge: Dodged            |     1 |     2 |     2 |     2 ||     7
Block: Shield            |     5 |    14 |     5 |    13 ||    37

Table legend:
 A = Non-vault XP
 B = Vault XP
 C = Vault XP percentage of total XP
 D = Non-vault monster count
 E = Vault monster count
 F = Vault count percentage of total count
                 A         B        C        D         E       F
            +---------+---------+-------+---------+---------+-------
      Total |       0 |    5374 | 100.0 |       0 |      23 | 100.0
            +---------+---------+-------+---------+---------+-------
          D |       0 |    5374 | 100.0 |       0 |      23 | 100.0
            +---------+---------+-------+---------+---------+-------
